AoeStats
← MC0LEE

Black Forest

510338113Analyzed
4v4 RM · 10h ago on Sep 30, 2026· 47m 29s· 8 players
Game mode
Random Map
Map size
Large (8 player)
Population
200
Speed
Normal
Resources
Standard
Victory
Conquest
Starting age
Dark Age
Ending age
Imperial Age
RankedLock teamsTeams togetherTeam positionsShared explorationLock speedFull tech treeHidden civsTurbo modeCheats
Victory
Defeat
🇮🇳 Saracens · India
846
+10
🇦🇷 Franks · Argentina
840
+10
🇺🇸 Britons · United States
652
+17
🇺🇸 Bohemians · United States
584
+19
🇹🇷 Khmer · Türkiye
721
-15
🇨🇿 Vietnamese · Czechia
697
-14
🇮🇳 Byzantines · India
693
-14
🇧🇷 Koreans · Brazil
655
-13
xxbysnipxx
11:56 Feudal Age
17:28 Castle Age
20:24 Horse Collar
24:45 Double-Bit Axe
29:46 Heavy Plow
30:23 Scale Barding Armor
30:29 Forging
33:37 Imperial Age
31:46 Wheelbarrow
31:29 Bow Saw
31:11 Gold Mining
33:08 Scale Barding Armor
33:14 Forging
35:51 Theocracy
35:47 Illumination
35:38 Redemption
35:42 Fervor
35:40 Husbandry
35:03 Heavy Camel Rider
35:57 Elite Cataphract
36:58 Conscription
37:10 Hand Cart
37:55 Arson
38:12 Squires
39:41 Treadmill Crane
40:19 Elite Varangian Guard
Kedrgda
0:47 Loom
16:25 Feudal Age
17:05 Double-Bit Axe
23:21 Wheelbarrow
23:04 Padded Archer Armor
22:55 Fletching
24:54 Forging
24:47 Scale Mail Armor
25:07 Horse Collar
30:20 Arson
35:57 Castle Age
37:24 Leather Archer Armor
37:05 Bodkin Arrow
37:26 Chain Mail Armor
38:29 Elite Skirmisher
39:29 Bow Saw
39:26 Heavy Plow
41:16 Iron Casting
45:45 Hand Cart
MC0LEE
0:27 Loom
18:20 Feudal Age
21:38 Castle Age
19:20 Horse Collar
19:33 Stone Mining
19:29 Double-Bit Axe
19:35 Gold Mining
22:25 Heavy Plow
22:50 Bow Saw
24:45 Stone Shaft Mining
24:46 Gold Shaft Mining
25:07 Wheelbarrow
28:43 Hand Cart
37:09 Imperial Age
34:28 Town Watch
37:23 Coinage
36:53 Caravan
37:19 Town Patrol
38:12 Ballistics
38:03 Masonry
38:05 Fortified Wall
37:50 Murder Holes
38:59 Chemistry
38:10 Fortified Wall
37:56 Murder Holes
38:12 Masonry
38:35 Banking
38:34 Conscription
38:14 Double Crossbow
37:35 Elite Ballista Elephant
38:40 Forging
38:36 Scale Barding Armor
38:31 Padded Archer Armor
38:22 Fletching
39:57 Light Cavalry
40:48 Bloodlines
40:38 Husbandry
41:39 Iron Casting
41:25 Chain Barding Armor
41:21 Leather Archer Armor
41:15 Siege Engineers
42:01 Hussar
45:01 Blast Furnace
44:37 Plate Barding Armor
43:58 Bodkin Arrow
44:36 Architecture
Leandro
14:54 Feudal Age
15:41 Double-Bit Axe
15:50 Stone Mining
15:56 Gold Mining
15:58 Stone Mining
26:09 Castle Age
26:22 Horse Collar
31:57 Bow Saw
31:50 Heavy Plow
36:37 Imperial Age
38:47 Heavy Rocket Cart
jd.bu.beard
0:38 Loom
16:41 Feudal Age
21:45 Castle Age
22:07 Padded Archer Armor
22:02 Fletching
32:24 Imperial Age
31:06 Leather Archer Armor
30:46 Bodkin Arrow
36:41 Ring Archer Armor
36:12 Bracer
36:03 Elite Longbowman
38:27 Ballistics
39:08 Chemistry
39:17 Conscription
47:35 Yeomen
Ares648967
13:00 Feudal Age
13:56 Double-Bit Axe
14:50 Horse Collar
21:37 Castle Age
23:13 Caravan
23:33 Bow Saw
23:27 Heavy Plow
31:26 Chemistry
30:22 Murder Holes
33:09 Imperial Age
31:27 Man-at-Arms
36:18 Two-Man Saw
35:30 Long Swordsman
37:28 Fletching
37:38 Padded Archer Armor
37:45 Scale Barding Armor
37:40 Scale Mail Armor
37:51 Forging
42:09 Elite Hussite Wagon
42:17 Cavalier
43:24 Two-Handed Swordsman
45:36 Houfnice
JAS
10:16 Loom
12:31 Feudal Age
16:58 Castle Age
15:31 Double-Bit Axe
16:35 Horse Collar
18:43 Bow Saw
18:38 Heavy Plow
20:26 Wheelbarrow
21:55 Gold Mining
22:49 Stone Mining
28:22 Gold Shaft Mining
32:41 Imperial Age
30:25 Scale Barding Armor
31:00 Caravan
31:32 Coinage
31:42 Forging
32:21 Scale Mail Armor
32:25 Padded Archer Armor
33:04 Husbandry
33:16 Bloodlines
33:27 Bloodlines
34:10 Chain Mail Armor
33:46 Capped Ram
35:35 Elite Mameluke
37:39 Counterweights
38:26 Heavy Camel Rider
41:05 Conscription
41:09 Chain Barding Armor
41:27 Iron Casting
41:25 Plate Mail Armor
41:10 Leather Archer Armor
41:06 Siege Ram
41:18 Elite Skirmisher
Thorfinn
10:25 Loom
12:10 Feudal Age
13:13 Double-Bit Axe
18:30 Gold Mining
23:00 Castle Age
21:21 Forging
21:18 Scale Barding Armor
24:45 Bow Saw
26:02 Gold Shaft Mining
26:06 Iron Casting
27:12 Chain Barding Armor
26:54 Husbandry
26:15 Light Cavalry
28:23 Caravan
28:54 Coinage
29:19 Stone Mining
30:54 Scale Mail Armor
36:58 Imperial Age
36:24 Fletching
36:35 Padded Archer Armor
38:58 Cavalier
41:42 Wheelbarrow
40:55 Town Watch
44:56 Chemistry
44:17 Ballistics
45:12 Plate Barding Armor
45:42 Hand Cart
45:29 Town Patrol
45:02 Paladin
Connection lost

Rejoining the realm…

Still unreachable

The connection could not be restored.

Session expired

The server has moved on; the page needs a fresh start.